 Dungeon Crawl Stone Soup version 0.29.1-12-g30fa7ad0bf (webtiles) character file.

Game seed: 5904094249635113897

2 wormed the Poker (level 1, 23/23 HPs)
             Began as a Gnoll Chaos Knight on Dec 20, 2022.
             Was a Plaything of Xom.
             Quit the game on level 1 of the Dungeon.
             The game lasted 00:00:19 (85 turns).

wormed the Poker (Gnoll Chaos Knight)                 Turns: 85, Time: 00:00:19

Health: 23/23      AC:  5    Str: 11    XL:     1   Next: 40%
Magic:  1/1        EV: 11    Int: 11    God:    Xom [..*...]
Gold:   2          SH:  0    Dex: 11    Spells: 0/0 levels left

rFire   . . .      SeeInvis .   a - +0 spear (chaos)
rCold   . . .      Faith    .   (no shield)
rNeg    . . .      Spirit   .   b - +2 leather armour
rPois   .          Reflect  .   (no helmet)
rElec   .          Harm     .   (no cloak)
rCorr   .          Rampage  .   (no gloves)
Will    .....                   (no boots)
Stlth   +.........              (no amulet)
HPRegen 0.07/turn               (no ring)
MPRegen 0.07/turn               (no ring)

@: no status effects
A: fangs 1, strong nose, distributed training
a: Renounce Religion


You were on level 1 of the Dungeon.
You worshipped Xom.
You were a toy of Xom.
You visited 1 branch of the dungeon, and saw 1 of its levels.

You collected 2 gold pieces.

Inventory:

Hand Weapons
 a - a +0 spear of chaos (weapon)
Armour
 b - a +2 leather armour (worn)
Scrolls
 d - a scroll of teleportation {unknown}
 e - a scroll of fear {unknown}
Miscellaneous
 c - a piece from Xom's chessboard (15/15) (quivered)


   Skills:
 + Level 6.4 Fighting
 + Level 0.0 Short Blades
 + Level 0.0 Long Blades
 + Level 0.0 Axes
 + Level 0.0 Maces & Flails
 + Level 6.4 Polearms
 + Level 0.0 Staves
 + Level 0.0 Ranged Weapons
 + Level 0.0 Throwing
 + Level 4.4 Armour
 + Level 2.3 Dodging
 + Level 0.0 Stealth
 + Level 0.0 Shields
 + Level 0.0 Unarmed Combat
 + Level 0.0 Spellcasting
 + Level 0.0 Conjurations
 + Level 0.0 Hexes
 + Level 0.0 Summonings
 + Level 0.0 Necromancy
 + Level 0.0 Translocations
 + Level 0.0 Transmutations
 + Level 0.0 Fire Magic
 + Level 0.0 Ice Magic
 + Level 0.0 Air Magic
 + Level 0.0 Earth Magic
 + Level 0.0 Poison Magic
 + Level 0.1 Invocations
 + Level 0.0 Evocations


You couldn't memorise any spells.
You didn't know any spells.
Your spell library was empty.

Dungeon Overview and Level Annotations

Branches:
Dungeon (1/15)

Altars:


Innate Abilities, Weirdness & Mutations

You have very sharp teeth.
Your uncanny sense of smell can sniff out nearby items.
Your experience applies equally to all skills.


Message History

There is an open door here.
You open the door.
Found a leather armour.
There is an open door here.
You open the door.
A giant cockroach comes into view.
Found 2 gold pieces.
There is an open door here.
A giant cockroach is nearby!
You reach to attack!
You hit the giant cockroach.
The giant cockroach is almost dead.
The giant cockroach blinks!
You closely miss the giant cockroach.
The giant cockroach is almost dead.
The giant cockroach completely misses you.
You hit the giant cockroach.
You kill the giant cockroach!
No target in view!
A quokka comes into view.
You see here a giant cockroach corpse.
A quokka is nearby!
Found a scroll labelled CEEPTY VIY.
You reach to attack!
You hit the quokka.
The quokka is heavily wounded.
You closely miss the quokka. Your bite misses the quokka.
The quokka is heavily wounded.
The quokka barely misses you.
You miss the quokka. Your bite misses the quokka.
The quokka is heavily wounded.
The quokka bites you.
You hit the quokka. Lightning courses through the quokka!
You kill the quokka!
No target in view!
HP restored.
e - a scroll labelled CEEPTY VIY You now have 2 gold pieces.
A kobold comes into view. It is wielding a +0 short sword.
The kobold shouts!
Unknown command.
Are you sure you want to abandon this character and quit the game? (Confirm with "yes".)

.. K# .# #$ .#
#######.##
#........# #
#.....@..#.#
#..........#
#.......##....
#.......# ###
###.....#
######.....##.
#.†...........#
######'#############
#.......#


You could see a kobold.

Vanquished Creatures
  A giant cockroach (D:1)
  A quokka (D:1)
2 creatures vanquished.

Notes
Turn   | Place    | Note
-------+----------+-------------------------------------------
     0 | D:1      | wormed the Gnoll Chaos Knight began the quest for the Orb.
     0 | D:1      | Reached XP level 1. HP: 23/23 MP: 1/1
    85 | D:1      | Quit the game

Illustrated notes

Levels and vault maps discovered:
D:1:      dpeg_arrival_brainrot, layout_basic, minmay_tall_x

Action                   || total
-------------------------++-------
Melee: Spear             ||     7
Dodge: Dodged            ||     2
